 Dungeon Crawl Stone Soup version 0.29.0-4-gdea44cf6ec (webtiles) character file.

Game seed: 5069457297952666034

41 qw the Chopper (level 3, -4/21 HPs)
             Began as a Tengu Warper on Aug 28, 2022.
             Killed by nerve-wracking pain
             ... invoked by Menkaure
              (7 damage)
             ... on level 4 of the Dungeon.
             The game lasted 00:00:07 (1261 turns).

qw the Chopper (Tengu Warper)                       Turns: 1261, Time: 00:00:08

Health: -4/21      AC:  5    Str: 13    XL:     3   Next: 52%
Magic:  7/7        EV: 11    Int: 13    God:
Gold:   75         SH:  0    Dex: 13    Spells: 6/6 levels left

rFire   . . .      SeeInvis +   Y - +1 war axe
rCold   . . .      Faith    .   (no shield)
rNeg    . . .      Spirit   .   m - +0 ring mail
rPois   .          Reflect  .   (helmet restricted)
rElec   .          Harm     .   (no cloak)
rCorr   .          Rampage  .   (no gloves)
Will    .....                   (boots unavailable)
Stlth   +.........              (no amulet)
HPRegen 0.07/turn               e - ring of see invisible
MPRegen 0.10/turn               (no ring)

@: no status effects
A: beak, talons 3
a: no special abilities


You were on level 4 of the Dungeon.
You visited 1 branch of the dungeon, and saw 3 of its levels.

You collected 75 gold pieces.


Innate Abilities, Weirdness & Mutations

You have a beak for a mouth.
You have claws for feet.


   Skills:
 - Level 2.0 Fighting
 + Level 4.2 Axes
 - Level 1.0 Throwing
 - Level 1.1 Armour
 - Level 2.1 Dodging
 - Level 2.0 Spellcasting
 - Level 2.4 Translocations


You had 6 spell levels left.
You didn't know any spells.
Your spell library contained the following spells:

 Spells                   Type           Power      Damage    Failure   Level
 Blink                    Tloc           14%        N/A       30%         2
 Gell's Gravitas          Tloc           7%         N/A       52%         3
 Lesser Beckoning         Tloc           7%         N/A       52%         3
 Teleport Other           Tloc           7%         N/A       52%         3
 Manifold Assault         Tloc           7%         N/A       99%         5

Inventory:

Hand Weapons
 d - a +0 club
 Y - a +1 war axe (weapon)
Armour
 m - a +0 ring mail (worn)
Jewellery
 e - a ring of see invisible (left hand)
Potions
 f - a potion of haste {unknown}
 k - a potion of degeneration {unknown}

Dungeon Overview and Level Annotations

Branches:
Dungeon (2/15)

Altars:

Annotations:
D:4 Menkaure


Message History

The dart slug bites you.
You slash the dart slug!
You kill the dart slug!
You start resting.
HP restored.
You see here a dart slug corpse.
There is a stone staircase leading down here.
Found a stone staircase leading down.
There is a stone staircase leading down here.
There is a stone staircase leading down here.
Found a stone staircase leading up.
There is a stone staircase leading up here.
Found a stone staircase leading down.
You now have 75 gold pieces (gained 6).
There is a stone staircase leading down here.
A sourceless malevolence fills the Dungeon...
You fall into a shaft and drop 2 floors!
The shaft crumbles and collapses.
Menkaure, Prince of Dust comes into view.
Menkaure shouts!
Menkaure moves out of view.
Existing waypoints: (1) D:2 (2) D:1 Assign waypoint to what number? (0-9, D - delete waypoint) Waypoint 2 re-assigned from D:1 to D:4.
1253 ||| Stepping ~*~*~tactically~*~*~ (hiding).
1254 ||| Stepping ~*~*~tactically~*~*~ (hiding).
You start waiting.
Menkaure is nearby!
You hit Menkaure but do no damage. You peck Menkaure, but do no damage.
Menkaure hits you!!
Ouch! That really hurt!
You barely miss Menkaure. You claw Menkaure.
Menkaure is lightly damaged.
Menkaure closely misses you.
You completely miss Menkaure. You peck Menkaure, but do no damage.
Menkaure is lightly damaged.
Menkaure casts a spell at you. Pain shoots through your body!
You die...

#... #...
P.... .....
P..... #######
#.....##.....#
#.....M@.....#
#............#
#.....##.....#
###### #.....#
#######


You could see Menkaure.

Vanquished Creatures
  An adder (D:2)
  A dart slug (D:2)
  2 ball pythons (D:1)
  4 bats
  An endoplasm (D:1)
  A giant cockroach (D:1)
  2 goblins (D:1)
  4 hobgoblins (D:1)
  3 kobolds (D:1)
  2 quokkas (D:1)
  3 frilled lizards (D:1)
  3 rats (D:1)
27 creatures vanquished.

Notes
Turn   | Place    | Note
-------+----------+-------------------------------------------
     0 | D:1      | qw the Tengu Warper began the quest for the Orb.
     0 | D:1      | Reached XP level 1. HP: 12/12 MP: 4/4
     0 | D:1      | 0 ||| qw: Version: 0.1-a-89-g26bdef1
     0 | D:1      | 0 ||| qw: Game counter: 957
     0 | D:1      | 0 ||| qw: Always use a shield: true
     0 | D:1      | 0 ||| qw: God list: Okawaru
     0 | D:1      | 0 ||| qw: Allow faded altars: false
     0 | D:1      | 0 ||| qw: Do Orc after D:15 true
     0 | D:1      | 0 ||| qw: Do second Lair branch before Depths: true
     0 | D:1      | 0 ||| qw: Lair rune preference: random
     0 | D:1      | 0 ||| qw: Plans: Normal
     0 | D:1      | 0 ||| PLANNING D:1-11
   164 | D:1      | Reached XP level 2. HP: 17/17 MP: 6/6
   223 | D:1      | Reached skill level 3 in Axes
   425 | D:1      | 425 ||| Stepping ~*~*~tactically~*~*~ (stealth).
   440 | D:1      | Found a faded altar of an unknown god.
   479 | D:1      | 479 ||| Stepping ~*~*~tactically~*~*~ (stealth).
   756 | D:1      | 756 ||| SWAPPING to +0 war axe.
   763 | D:1      | 763 ||| DROPPING +0 hand axe.
   902 | D:1      | Reached XP level 3. HP: 21/21 MP: 7/7
   921 | D:1      | 921 ||| Stepping ~*~*~tactically~*~*~ (stealth).
   926 | D:1      | 926 ||| Stepping ~*~*~tactically~*~*~ (stealth).
   927 | D:1      | 927 ||| Stepping ~*~*~tactically~*~*~ (stealth).
  1024 | D:1      | 1024 ||| UPGRADING to +0 ring mail.
  1034 | D:1      | 1034 ||| DROPPING +0 leather armour.
  1035 | D:1      | 1035 ||| UPGRADING to ring of see invisible.
  1036 | D:1      | 1036 ||| DROPPING ring of wizardry.
  1037 | D:1      | 1037 ||| READING scroll labelled KUADUZ ICSAYJA.
  1038 | D:1      | 1038 ||| READING scroll labelled CASTONWUSIRCH.
  1039 | D:1      | 1039 ||| READING scroll labelled HIHEKK IBUHILU.
  1040 | D:1      | 1040 ||| READING scroll labelled XAKHET VOARGHAI.
  1045 | D:1      | 1045 ||| READING 2 scrolls labelled HONOS FAKALE.
  1046 | D:1      | 1046 ||| DROPPING scroll of blinking.
  1047 | D:1      | 1047 ||| DROPPING scroll of immolation.
  1111 | D:2      | Reached skill level 4 in Axes
  1180 | D:2      | 1180 ||| Stepping ~*~*~tactically~*~*~ (hiding).
  1249 | D:2      | You fall into a shaft and drop 2 floors!
  1251 | D:4      | Noticed Menkaure
  1253 | D:4      | 1253 ||| Stepping ~*~*~tactically~*~*~ (hiding).
  1254 | D:4      | 1254 ||| Stepping ~*~*~tactically~*~*~ (hiding).
  1259 | D:4      | HP: 3/21 [Menkaure (18)]
  1261 | D:4      | Killed from afar by Menkaure

Levels and vault maps discovered:
D:1:      minmay_arrival_four_loops, layout_loops_ring,
          shapermc_ecumenical_altar_pompeii, hangedman_abyss_or_decor_stabs
D:2:      layout_loops_ring, serial_shops, nicolae_shop_hallway_plus
D:4:      cheibrodos_greedy_goblins, layout_gridville,
          mainiacjoe_overflow_chevrons, minmay_temple_entry_gardened_gates,
          uniq_edmund, uniq_duvessa, uniq_menkaure

Skill      XL: |  1  2  3 |
---------------+----------+-----
Axes           | 3 4 |  4.2
Fighting       | |  2.0
Throwing       | |  1.0
Armour         | |  1.1
Dodging        | |  2.1
Spellcasting   | |  2.0
Translocations | |  2.4

Action                   || total
-------------------------++-------
Melee: Hand axe          ||    36
       Kick              ||    10
       Peck              ||     5
       War axe           ||    24
       Punch             ||     1
Throw: Boomerang         ||     7
  Use: Scroll            ||     5
Armor: Leather armour    ||    12
       Ring mail         ||     5
Dodge: Dodged            ||    28

Table legend:
 A = Non-vault XP
 B = Vault XP
 C = Vault XP percentage of total XP
 D = Non-vault monster count
 E = Vault monster count
 F = Vault count percentage of total count
                 A         B        C        D         E       F
            +---------+---------+-------+---------+---------+-------
      Total |      59 |       0 |   0.0 |      27 |       0 |   0.0
            +---------+---------+-------+---------+---------+-------
        D:1 |      40 |       0 |   0.0 |      24 |       0 |   0.0
        D:2 |      19 |       0 |   0.0 |       3 |       0 |   0.0
            +---------+---------+-------+---------+---------+-------
